 Dungeon Crawl Stone Soup version 0.26.1-11-gd32895ea62 (webtiles) character file.

Game seed: 5993125277818610602

163 diana the Skirmisher (level 5, -2/41 HPs)
             Began as a Demonspawn Gladiator on Apr 14, 2021.
             Slain by an orc wizard
             ... wielding a +0 long sword
              (3 damage)
             ... on level 4 of the Dungeon.
             The game lasted 00:03:19 (3522 turns).

diana the Skirmisher (Demonspawn Gladiator)         Turns: 3522, Time: 00:03:20

Health: -2/41      AC:  4    Str: 15    XL:     5   Next: 20%
Magic:  5/5        EV: 14    Int: 10    God:
Gold:   208        SH:  4    Dex: 14    Spells: 4/4 levels left

rFire    . . .     SeeInvis .   a - +0 long sword
rCold    . . .     Faith    .   p - +0 buckler
rNeg     . . .     Spirit   .   b - +0 leather armour
rPois    .         Reflect  .   c - +0 helmet
rElec    .         Harm     .   (no cloak)
rCorr    .         Rampage  .   (no gloves)
Will     .....                  (no boots)
Stlth    +.........             (no amulet)
HPRegen  0.13/turn              (no ring)
MPRegen  0.09/turn              (no ring)

@: invisible
A: repulsion field 1, powered by pain 1
a: no special abilities


You were on level 4 of the Dungeon.
You visited 1 branch of the dungeon, and saw 4 of its levels.

You collected 208 gold pieces.

Inventory:

Hand Weapons
 a - a +0 long sword (weapon)
Missiles
 d - 3 throwing nets (quivered)
Armour
 b - a +0 leather armour (worn)
 c - a +0 helmet (worn)
 p - a +0 buckler (worn)
 r - a +2 leather armour of cold resistance
Wands
 v - a wand of digging (4)
Scrolls
 f - a scroll of fear {unknown}
 g - a scroll of immolation {unknown}
 h - 4 scrolls of identify
 i - 2 scrolls of amnesia {unknown}
 l - a scroll of random uselessness {unknown}
 o - 2 scrolls of magic mapping {unknown}
 s - a scroll of teleportation {unknown}
 t - a scroll of enchant armour {unknown}
Potions
 j - a potion of lignification {unknown}
 k - a potion of ambrosia {unknown}
 m - 2 potions of degeneration {unknown}
 n - 3 potions of berserk rage {unknown}
 q - a potion of flight {unknown}
 u - a potion of curing


   Skills:
 * Level 3.5 Fighting
 + Level 3.3 Long Blades
 - Level 1.7 Throwing
 - Level 1.5 Armour
 - Level 3.0 Dodging
 * Level 1.7 Shields


You had 4 spell levels left.
You didn't know any spells.
Your spell library was empty.

Dungeon Overview and Level Annotations

Branches:
Dungeon (4/15)
 Temple: D:4-7

Altars:
Hepliaklqana
Nemelex Xobeh
Yredelemnul


Innate Abilities, Weirdness & Mutations

You are surrounded by a mild repulsion field. (EV +2)
You sometimes gain a little power by taking damage.


Message History

The orc wizard casts a spell.
The orc wizard seems to speed up.
You barely miss the orc.
The orc wizard casts a spell at itself.
The orc wizard flickers and vanishes!
Deactivating autopickup; reactivate with Ctrl-A.
The orc barely misses you.
Your shield prevents you from hitting the orc.
You hit something. Something hits you! x2
* * * LOW HITPOINT WARNING * * *
You barely miss something. Something barely misses you.
Unknown command.
As you read the scroll labelled YPECE RIZUSMO, it crumbles to dust.
It is a scroll of identify.
e - a potion of invisibility Something hits you but does no damage.
Something hits you!
* * * LOW HITPOINT WARNING * * *
You fade into invisibility!
Something hits you.
You die...

............#
###..######.##
###..##......#
.##...#.###..#
....<...# #..#
###...### #.)# .....##
#..#####
###..######......#
#.....<...####@#
##+######## #{#
##...## #######o###
##.....###.....oo..#
#.......##.###.#.#.#
.........#.##....#.###
.........'............
.........#.##.)..#.###
#.......##.###o###.#


You could see an orc priest and 2 orcs.

Vanquished Creatures
  An orc wizard (D:3)
  A gnoll (D:1)
  4 adders
  An ooze (D:1)
  A worm (D:3)
  A dart slug (D:3)
  2 leopard geckos
  10 orcs
  5 giant cockroaches
  4 goblins
  6 hobgoblins
  3 jackals (D:3)
  A quokka (D:2)
  2 ball pythons
  7 bats
  7 frilled lizards
  6 kobolds
  5 rats
67 creatures vanquished.

Notes
Turn   | Place    | Note
-------+----------+-------------------------------------------
     0 | D:1      | diana the Demonspawn Gladiator began the quest for the Orb.
     0 | D:1      | Reached XP level 1. HP: 16/16 MP: 1/1
    66 | D:1      | Gained mutation: You sometimes gain a little power by
                  | taking damage. [demonic ancestry]
    66 | D:1      | Reached XP level 2. HP: 15/22 MP: 2/2
    91 | D:1      | Reached skill level 1 in Armour
   574 | D:1      | Reached XP level 3. HP: 28/28 MP: 3/3
  1679 | D:2      | Found a sparkling altar of Nemelex Xobeh.
  1827 | D:2      | Found a hazy altar of Hepliaklqana.
  1919 | D:2      | Reached XP level 4. HP: 35/35 MP: 4/4
  2251 | D:3      | Reached skill level 1 in Shields
  2865 | D:3      | Gained mutation: You are surrounded by a mild repulsion
                  | field. (EV +2) [demonic ancestry]
  2865 | D:3      | Reached XP level 5. HP: 39/41 MP: 5/5
  3295 | D:3      | Found a basalt altar of Yredelemnul.
  3521 | D:4      | HP: 1/41 [something (9)]
  3522 | D:4      | Slain by an orc wizard

Illustrated notes

Levels and vault maps discovered:
D:1:      saegor_arrival_simple_d, layout_basic, serial_aquarium,
          aquarium_bridge_long_separate [aquarium_subvault_bridge,
          aquarium_subvault_wall, aquarium_subvault_wall,
          aquarium_subvault_bridge, aquarium_subvault_wall,
          aquarium_subvault_bridge], aquarium_bridge_square
          [aquarium_subvault_bridge, aquarium_subvault_bridge,
          aquarium_subvault_window, aquarium_subvault_bridge],
          aquarium_window_fake, aquarium_window_1, aquarium_view_2c,
          aquarium_view_2f, aquarium_balcony_3b, minmay_vboxes
D:2:      minmay_door_path, layout_basic, lemuel_crystal_altar,
          nzn_hepliaklqana_mist_gate
D:3:      layout_loops_ring, marbit_many_paths
D:4:      layout_loops_corners, minmay_crystal_water

Skill      XL: |  1  2  3  4 |
---------------+-------------+-----
Armour         | 1 |  1.5
Dodging        | 3 |  3.0
Long Blades    | 3 |  3.3
Fighting       | 3 |  3.5
Shields        | 1 |  1.7
Throwing       | |  1.7

Action                   |  1- 3 |  4- 6 || total
-------------------------+-------+-------++-------
Melee: Long sword        |    97 |   117 ||   214
  Use: Scroll            |       |     1 ||     1
       Potion            |       |     1 ||     1
 Stab: Sleeping          |     1 |       ||     1
Armor: Leather armour    |    29 |    20 ||    49
Dodge: Dodged            |    86 |    70 ||   156
Block: Buckler           |     5 |    27 ||    32
       Rpst.: Long sword |    33 |    26 ||    59
